 Dungeon Crawl Stone Soup version 0.31-a0-1074-g0b22e4e0f1 (webtiles) character file.

Game seed: 14706910267670495808

165 LeprechaunX the Changeling (level 5, -4/35 HPs)
             Began as an Octopode Shapeshifter on Nov 27, 2023.
             Was an Initiate of Ru.
             Killed by nerve-wracking pain
             ... invoked by Menkaure
              (14 damage)
             ... on level 4 of the Dungeon.
             The game lasted 00:02:51 (2538 turns).

LeprechaunX the Changeling (Octopode Shapeshifter)  Turns: 2538, Time: 00:02:52

Health: -4/35      AC:  1    Str: 13    XL:     5   Next: 46%
Magic:  5/5        EV: 13    Int: 18    God:    Ru [......]
Gold:   92         SH:  0    Dex: 19    Spells: 4/4 levels left

rFire   . . .        i - +2 short sword of Classification {flame, rC- Int+5 Dex+6}
rCold   x . .        (no shield)
rNeg    . . .        (helmet currently unavailable)
rPois   .            (no amulet)
rElec   .            (no ring)
rCorr   .            (no ring)
SInv    .            (no ring)
Will    .....        (no ring)
Stlth   +++          (no ring)
HPRegen 0.25/turn    (no ring)
MPRegen 0.09/turn    (no ring)
                     (no ring)

%: no passive effects
@: beast-form
A: beast (slay +2), almost no armour, amphibious, 8 rings, camouflage 1,
gelatinous body 1, (nimble swimmer 1), tentacles
a: Begin Untransformation, Renounce Religion


You were on level 4 of the Dungeon.
You worshipped Ru.
Ru was noncommittal.
You were a hulking beast.
You visited 2 branches of the dungeon, and saw 5 of its levels.

You collected 92 gold pieces.

Inventory:

Hand Weapons
 i - the +2 short sword of Classification (weapon) {flame, rC- Int+5 Dex+6}
   (You found it on level 2 of the Dungeon)

   Int+5:     It affects your intelligence (+5).
   Dex+6:     It affects your dexterity (+6).
   rC-:       It makes you vulnerable to cold.
Talismans
 b - a beast talisman
 c - a flux talisman
Wands
 j - a wand of mindburst (13)
 n - a wand of paralysis (11)
Scrolls
 d - 2 scrolls of identify {unknown}
 f - a scroll of torment {unknown}
 g - 3 scrolls of noise {unknown}
 h - a scroll of enchant armour {unknown}
 l - a scroll of fog {unknown}
 m - a scroll of revelation {unknown}
Potions
 a - a potion of lignification
 e - 2 potions of magic {unknown}
 k - a potion of invisibility {unknown}
 o - a potion of attraction {unknown}


   Skills:
 + Level 2.6 Fighting
 - Level 2.0 Dodging
 + Level 3.9 Unarmed Combat
 + Level 0.1 Evocations
 * Level 4.4 Shapeshifting


You had 4 spell levels left.
You didn't know any spells.
Your spell library was empty.

Dungeon Overview and Level Annotations

Branches:
Dungeon (4/15)             Temple (1/1) D:4

Altars:
Ashenzari
Cheibriados
Fedhas
Makhleb
Ru
Trog
Uskayaw
Vehumet
Xom
Yredelemnul
The Shining One

Annotations:
D:4 Menkaure


Innate Abilities, Weirdness & Mutations

You are a hulking beast.
Your limbs bulge with bestial killing power. (Slay +2)
You cannot wear most types of armour.
You are amphibious.
You can wear up to eight rings at the same time.
Your skin changes colour to match your surroundings (Stealth+).
Your rubbery body absorbs attacks. (AC +1, EV +1)
((You are camouflaged when in or above water. (Stealth+)))
You have tentacles for arms and can constrict up to eight enemies at once.


Message History

No target in view!
HP restored.
n - a wand of paralysis (11)
Found a stone staircase leading down.
A giant cockroach comes into view.
A giant cockroach is nearby!
A giant cockroach is nearby!
The helpless giant cockroach fails to defend itself.
You puncture the giant cockroach! You burn the giant cockroach.
You kill the giant cockroach!
No target in view!
No target in view!
No target in view!
No target in view!
No target in view!
No target in view!
No target in view!
No target in view!
No target in view!
No target in view!
No target in view!
o - a brown potion
d - 2 scrolls labelled ZAVINA KOAM (gained 1) Menkaure, Prince of Dust comes into view.
Menkaure is nearby!
Menkaure is nearby!
Menkaure is nearby!
Menkaure casts a spell at you. Pain shoots through your body!
Menkaure hits you!
* * * LOW HITPOINT WARNING * * *
You are too injured to fight recklessly!
You are too injured to fight recklessly!
You are too injured to fight recklessly!
You hit Menkaure. You burn Menkaure. You grab Menkaure. You squeeze Menkaure!
Menkaure is heavily damaged.
You constrict Menkaure. Menkaure casts a spell at you.
Pain shoots through your body!
You die...

#############
............#
##..#######.#
#..#######.####
##..#..........#
......#####.##.#
##..###
#.##.#########
#..#
#.#...........
##..#
#.....h######
....#
#........M#
###.#
#.#......... #.#
# #########.#
###.# ##
8##.####
>.......
8####### ##


You could see Menkaure.

Vanquished Creatures
  An orc wizard (D:4)
  2 gnolls (D:1)
  3 adders
  3 worms
  3 dart slugs
  3 orcs
  9 bats
  3 endoplasms
  6 giant cockroaches
  5 goblins (D:1)
  8 hobgoblins
  3 jackals (D:1)
  3 quokkas
  8 ball pythons
  2 frilled lizards (D:3)
  7 kobolds
  4 rats
73 creatures vanquished.

Notes
Turn   | Place    | Note
-------+----------+-------------------------------------------
     0 | D:1      | LeprechaunX the Octopode Shapeshifter began the quest for
                  | the Orb.
     0 | D:1      | Reached XP level 1. HP: 13/13 MP: 1/1
    98 | D:1      | Reached XP level 2. HP: 18/18 MP: 2/2
   395 | D:1      | Reached XP level 3. HP: 23/23 MP: 3/3
   917 | D:1      | Found a faded altar of an unknown god.
  1000 | D:2      | Reached XP level 4. HP: 29/29 MP: 4/4
  1297 | D:2      | Found a sacrificial altar of Ru.
  1388 | D:2      | Reached skill level 4 in Shapeshifting
  1434 | D:2      | Identified the +2 short sword of Classification {flame, rC-
                  | Int+5 Dex+6}
  1705 | D:2      | Became a worshipper of Ru the Awakened
  2038 | D:3      | Reached XP level 5. HP: 35/35 MP: 5/5
  2412 | D:4      | Found a staircase to the Ecumenical Temple.
  2425 | Temple   | Entered the Ecumenical Temple
  2533 | D:4      | Noticed Menkaure
  2538 | D:4      | Killed from afar by Menkaure

Illustrated notes

Levels and vault maps discovered:
D:1:      wander_arrival_desolate, layout_basic,
          chequers_ecumenical_altar_lobes, minmay_bisected
D:2:      layout_loops_cross, basic_altar, grunt_ministairs_7,
          minmay_misc_feat_encased
D:3:      layout_basic, grunt_ministairs_5
D:4:      layout_loops_ring, mainiacjoe_overflow_paths, lemuel_tele_altar,
          temple_statues, amethyst_killhole, amcnicky_altar_lugonu_corruption,
          uniq_menkaure
Temple:   hellmonk_temple_of_storms

Skill      XL: |  1  2  3  4 |
---------------+-------------+-----
Fighting       | 2 |  2.6
Shapeshifting  | 4 |  4.4
Dodging        | |  2.0
Unarmed Combat | |  3.9
Evocations     | |  0.1

Action                     |  1- 3 |  4- 6 || total
---------------------------+-------+-------++-------
  Melee: Unarmed           |    18 |       ||    18
         Constrict         |    16 |    19 ||    35
         Tentacles         |     8 |    13 ||    21
         Whip              |    38 |    22 ||    60
         Short sword       |       |    45 ||    45
         Punch             |       |     1 ||     1
   Stab: Sleeping          |     4 |     8 ||    12
 Armour: Skin              |    29 |    26 ||    55
  Dodge: Dodged            |    27 |    29 ||    56

Table legend: (Time is in decaauts)
 A = Elapsed time spent in this place.
 B = Non-inter-level travel time spent in this place.
 C = Inter-level travel time spent in this place.
 D = Time resting spent in this place.
 E = Time spent auto-exploring this place.
 F = Levels seen in this place.
 G = Mean time per level.
                   A        B        C        D        E       F      G
               +--------+--------+--------+--------+--------+-----+--------+
         Total |   2541 |   2391 |    150 |      0 |   1903 |   5 |  508.2 |
       Dungeon |   2532 |   2382 |    150 |      0 |   1903 |   4 |  633.0 |
        Temple |      9 |      9 |      0 |      0 |      0 |   1 |    9.0 |
               +--------+--------+--------+--------+--------+-----+--------+

Top non-repeatable levels by time:
     D:1: 962 daAuts
     D:2: 778 daAuts
     D:3: 613 daAuts
     D:4: 177 daAuts
  Temple: 9 daAuts
